Workbook

Sheet Checklist
B3: Business Success Checklist for Small Business Owners
B7: Name: | C7: Date:
B8: Company:
B9: As a business owner, your income and lifestyle are often linked to your success in business. This checklist is designed to help you uncover the opportunities and actions needed to get more sales, profit, control and freedom from your small business
B13: Planning - Your Foundation | C13: Low High
B14: I possess a clear vision for where my company is going and have it written out in detail | C14: 1 | D14: 2 | E14: 3 | F14: 4 | G14: 5
B15: Our company values are defined in writing and used to make decisions | C15: 1 | D15: 2 | E15: 3 | F15: 4 | G15: 5
B16: We have a clear mission that is in writing and shared with others | C16: 1 | D16: 2 | E16: 3 | F16: 4 | G16: 5
B17: I have SMART business goals and I review them often | C17: 1 | D17: 2 | E17: 3 | F17: 4 | G17: 5
B18: The company has a written, ACTIONABLE plan with strategic objectives | C18: 1 | D18: 2 | E18: 3 | F18: 4 | G18: 5
B19: The company performs a SWOT analysis annually and uses it for planning | C19: 1 | D19: 2 | E19: 3 | F19: 4 | G19: 5
B20: The company's action plan is being used, measured and updated quarterly | C20: 1 | D20: 2 | E20: 3 | F20: 4 | G20: 5
B21: Individual responsibilities for achieving financial and other goals are clearly defined | C21: 1 | D21: 2 | E21: 3 | F21: 4 | G21: 5
B22: The team is engaged in planning sessions and business goals are communicated to all | C22: 1 | D22: 2 | E22: 3 | F22: 4 | G22: 5
B23: Total | C23: =SUM(H14:H22) -> 0
B24: Products (Services) - To maximize sales and profit | C24: Low High
B25: I/We keep a pulse on the market (customers) through surveys, feedback and research | C25: 1 | D25: 2 | E25: 3 | F25: 4 | G25: 5
B26: I/We have found a niche for our products/services and no longer compete on price | C26: 1 | D26: 2 | E26: 3 | F26: 4 | G26: 5
B27: I/We have a clear positioning (eg, convenience, quality) for our company and products | C27: 1 | D27: 2 | E27: 3 | F27: 4 | G27: 5
B28: I/We evaluate our product positioning, packaging and pricing at least annually and adjust as needed | C28: 1 | D28: 2 | E28: 3 | F28: 4 | G28: 5
B29: We look for opportunities to expand or improve our products/services with profit objectives in mind | C29: 1 | D29: 2 | E29: 3 | F29: 4 | G29: 5
B30: Our pricing strategies are linked to value and maximize margins; we rarely discount products or services | C30: 1 | D30: 2 | E30: 3 | F30: 4 | G30: 5
B31: Our team is knowledgeable about our products features and benefits, we know how to educate customers | C31: 1 | D31: 2 | E31: 3 | F31: 4 | G31: 5
B32: I/We have a good knowledge of competitors and their practices | C32: 1 | D32: 2 | E32: 3 | F32: 4 | G32: 5
B33: I/We seek and take advantage of recurring and/or residual product opportunities | C33: 1 | D33: 2 | E33: 3 | F33: 4 | G33: 5
B34: We survey customers to find new product/service ideas or ways to improve current offerings | C34: 1 | D34: 2 | E34: 3 | F34: 4 | G34: 5
B35: Our team understands the profit margins for all our products/services | C35: 1 | D35: 2 | E35: 3 | F35: 4 | G35: 5
B36: Total | C36: =SUM(H25:H35) -> 0
B37: Promotion - To attract new customers and keep them coming back | C37: Low High
B38: Our sales volumes and profits are continuously increasing | C38: 1 | D38: 2 | E38: 3 | F38: 4 | G38: 5
B39: We have a unique selling (value) proposition and every member of the team knows and understands it | C39: 1 | D39: 2 | E39: 3 | F39: 4 | G39: 5
B40: Everyone is aware of the lifetime value of our customers and continuously seeks to improve it | C40: 1 | D40: 2 | E40: 3 | F40: 4 | G40: 5
B41: We have clearly defined targets for our products/services -- and don't try to be all things to all people | C41: 1 | D41: 2 | E41: 3 | F41: 4 | G41: 5
B42: We utilize a step-by-step marketing plan to increase customers, revenue and profits | C42: 1 | D42: 2 | E42: 3 | F42: 4 | G42: 5
B43: We have at least 10 turn-key, systematized ways to generate leads for our products / services | C43: 1 | D43: 2 | E43: 3 | F43: 4 | G43: 5
B44: We have at least 3 strategies in place to increase customer average sale and frequency | C44: 1 | D44: 2 | E44: 3 | F44: 4 | G44: 5
B45: We have a digital (online) marketing strategy (eg email, social media) to support traditional methods | C45: 1 | D45: 2 | E45: 3 | F45: 4 | G45: 5
B46: We utilize online business directories and have complete profiles on at least 4 relevant sites | C46: 1 | D46: 2 | E46: 3 | F46: 4 | G46: 5
B47: We have a website that is updated, optimized for the search engines and content rich | C47: 1 | D47: 2 | E47: 3 | F47: 4 | G47: 5
B48: We have at least one strategy in place to build strategic alliances or partners to support our growth | C48: 1 | D48: 2 | E48: 3 | F48: 4 | G48: 5
B49: We have a formal method in place to get customer referrals to help us grow our business | C49: 1 | D49: 2 | E49: 3 | F49: 4 | G49: 5
... B64: Customer service is everyones job; servicing the customer is as important as making the sale | C64: 1 | D64: 2 | E64: 3 | F64: 4 | G64: 5
B65: Total | C65: =SUM(H38:H64) -> 0
B66: Processes - Procedures and systems for efficiency, consistency and profit | C66: Low High
B67: We have an operations (how to) manual that is easy to use and understand | C67: 1 | D67: 2 | E67: 3 | F67: 4 | G67: 5
B68: Employees have copies of procedures commonly required to do their job - and they use them | C68: 1 | D68: 2 | E68: 3 | F68: 4 | G68: 5
B69: Designated people are responsible for the day to day decisions -- it's not totally dependent on me/owner | C69: 1 | D69: 2 | E69: 3 | F69: 4 | G69: 5
B70: At least 80% of our marketing is systematized & documented for easy delegation and efficiency | C70: 1 | D70: 2 | E70: 3 | F70: 4 | G70: 5
B71: We utilize a sales management process to convert leads to sales -- we don't just wing it | C71: 1 | D71: 2 | E71: 3 | F71: 4 | G71: 5
B72: Our sales process includes consistent follow up and a method to stay connected | C72: 1 | D72: 2 | E72: 3 | F72: 4 | G72: 5
B73: Operation procedures are fully documented so customers receive consistent service and delivery | C73: 1 | D73: 2 | E73: 3 | F73: 4 | G73: 5
B74: We have systems in place to handle customer problems -- and the team has the authority to do so | C74: 1 | D74: 2 | E74: 3 | F74: 4 | G74: 5
B75: We have a step-by-step procedure to hire and retain the best people | C75: 1 | D75: 2 | E75: 3 | F75: 4 | G75: 5
B76: New employee orientation and training procedures are documented and in place | C76: 1 | D76: 2 | E76: 3 | F76: 4 | G76: 5
B77: Billing and collection procedures are documented and implemented for timely payments | C77: 1 | D77: 2 | E77: 3 | F77: 4 | G77: 5
B78: When mistakes occur, we look to the systems first to identify problems and develop solutions | C78: 1 | D78: 2 | E78: 3 | F78: 4 | G78: 5
... B86: We are committed to continuous improvement and view change as positive | C86: 1 | D86: 2 | E86: 3 | F86: 4 | G86: 5
B87: Total | C87: =SUM(H67:H86) -> 0
B88: People - Employees, contractors and alliances to support your business success | C88: Low High
B89: We have a step-by-step system to hire and retain the best people | C89: 1 | D89: 2 | E89: 3 | F89: 4 | G89: 5
B90: We always build a case for hiring; we evaluate all options and don't hire impulsively | C90: 1 | D90: 2 | E90: 3 | F90: 4 | G90: 5
B91: Our compensation plan is designed to reward performance and help us achieve our goals | C91: 1 | D91: 2 | E91: 3 | F91: 4 | G91: 5
B92: We have a contingency staffing plan in place and the business is not dependent on one person | C92: 1 | D92: 2 | E92: 3 | F92: 4 | G92: 5
B93: All team members have job descriptions and goals so expectations are clear | C93: 1 | D93: 2 | E93: 3 | F93: 4 | G93: 5
B94: The team has the tools and training they need to achieve their goals | C94: 1 | D94: 2 | E94: 3 | F94: 4 | G94: 5
B95: We have an annual performance review process and provide ongoing feedback | C95: 1 | D95: 2 | E95: 3 | F95: 4 | G95: 5
B96: I/We encourage people to set career and personal goals | C96: 1 | D96: 2 | E96: 3 | F96: 4 | G96: 5
B97: We have a formal method to get employee feedback and measure employee satisfaction | C97: 1 | D97: 2 | E97: 3 | F97: 4 | G97: 5
B98: Deadlines are taken seriously and are managed by me or team leaders. | C98: 1 | D98: 2 | E98: 3 | F98: 4 | G98: 5
B99: Team members are empowered and accountable; never make excuses for performance. | C99: 1 | D99: 2 | E99: 3 | F99: 4 | G99: 5
B100: Our sales and operations teams work well together -- there is little or no friction | C100: 1 | D100: 2 | E100: 3 | F100: 4 | G100: 5
... B107: Our "people" value both relationships and results | C107: 1 | D107: 2 | E107: 3 | F107: 4 | G107: 5
B108: Total | C108: =SUM(H89:H107) -> 0
B109: Personal Development - To achieve your true potential | C109: Low High
B110: I have a clear vision (purpose) and personal goals, written in detail to drive my success | C110: 1 | D110: 2 | E110: 3 | F110: 4 | G110: 5
B111: I have a bucket list of 101 things I want to BE-DO-HAVE in my lifetime; I review and update it periodically | C111: 1 | D111: 2 | E111: 3 | F111: 4 | G111: 5
B112: I have the leadership skills and attributes I need to truly lead my people and company | C112: 1 | D112: 2 | E112: 3 | F112: 4 | G112: 5
B113: I am committed to learning and invest time reading or listening to audio books each day | C113: 1 | D113: 2 | E113: 3 | F113: 4 | G113: 5
B114: I have a network of mentors or business coach to keep me on track and hold me accountability | C114: 1 | D114: 2 | E114: 3 | F114: 4 | G114: 5
B115: I am not afraid to ask for help and view this as a strength | C115: 1 | D115: 2 | E115: 3 | F115: 4 | G115: 5
B116: I have adequate time to get the important things done | C116: 1 | D116: 2 | E116: 3 | F116: 4 | G116: 5
B117: I have time management skills to maximize productivity; my days are well planned and I focus on priorities | C117: 1 | D117: 2 | E117: 3 | F117: 4 | G117: 5
B118: I have an assistant (virtual or onsite) to handle details so I have time to focus on bigger things | C118: 1 | D118: 2 | E118: 3 | F118: 4 | G118: 5
B119: I delegate well and do a good job with follow-up | C119: 1 | D119: 2 | E119: 3 | F119: 4 | G119: 5
B120: I continuously let people know when I am proud of their work and coach them when they stumble | C120: 1 | D120: 2 | E120: 3 | F120: 4 | G120: 5
B121: I work out regularly and spend quality time with the people I care about | C121: 1 | D121: 2 | E121: 3 | F121: 4 | G121: 5
... B126: I am happy with the income and lifestyle my business provides for me | C126: 1 | D126: 2 | E126: 3 | F126: 4 | G126: 5
B127: Total | C127: =SUM(H110:H126) -> 0
B128: Profit - Financial mastery & leverage | C128: Low High
B129: We utilize a financial management system like Quick Books to manage the business | C129: 1 | D129: 2 | E129: 3 | F129: 4 | G129: 5
B130: Financial statements are set up to provide me with the information needed to make sound business decisions | C130: 1 | D130: 2 | E130: 3 | F130: 4 | G130: 5
B131: Financial statements are reviewed monthly, at minimum, and we take quick action where needed | C131: 1 | D131: 2 | E131: 3 | F131: 4 | G131: 5
B132: Profitability as a rule is higher than the industry average and not an issue for the company | C132: 1 | D132: 2 | E132: 3 | F132: 4 | G132: 5
B133: The company has the cash flow to achieve its objectives | C133: 1 | D133: 2 | E133: 3 | F133: 4 | G133: 5
B134: The company has established key performance indicators (KPI) and monitors them often | C134: 1 | D134: 2 | E134: 3 | F134: 4 | G134: 5
B135: The company has an annual budget in writing that we work from | C135: 1 | D135: 2 | E135: 3 | F135: 4 | G135: 5
B136: Break even levels are known and relatively low | C136: 1 | D136: 2 | E136: 3 | F136: 4 | G136: 5
B137: Gross profit margins are monitored monthly and continue to increase | C137: 1 | D137: 2 | E137: 3 | F137: 4 | G137: 5
B138: Our cost of goods sold / cost of sales are monitored and we have strategies to keep them down | C138: 1 | D138: 2 | E138: 3 | F138: 4 | G138: 5
B139: Debt as a percentage of gross profit continues to decrease | C139: 1 | D139: 2 | E139: 3 | F139: 4 | G139: 5
...

Sheet Report_Graph
A1: Report & Graph
A4: Areas of Success | C4: % | D4: Score | E4: Weight % | F4: Total
A5: 1 | B5: Planning | C5: =D5/(9*5) -> 0 | D5: =SUM('Checklist'!C23) -> 0 | E5: 0.1 | F5: =C5*E5 -> 0
A6: 2 | B6: Products | C6: =D6/(11*5) -> 0 | D6: =SUM('Checklist'!C36) -> 0 | E6: 0.1 | F6: =C6*E6 -> 0
A7: 3 | B7: Promotion | C7: =D7/(27*5) -> 0 | D7: =SUM('Checklist'!C65) -> 0 | E7: 0.2 | F7: =C7*E7 -> 0
A8: 4 | B8: Processes | C8: =D8/(20*5) -> 0 | D8: =SUM('Checklist'!C87) -> 0 | E8: 0.15 | F8: =C8*E8 -> 0
A9: 5 | B9: People | C9: =D9/(19*5) -> 0 | D9: =SUM('Checklist'!C108) -> 0 | E9: 0.15 | F9: =C9*E9 -> 0
A10: 6 | B10: Personal Development | C10: =D10/(17*5) -> 0 | D10: =SUM('Checklist'!C127) -> 0 | E10: 0.1 | F10: =C10*E10 -> 0
A11: 7 | B11: Profit | C11: =D11/(23*5) -> 0 | D11: =SUM('Checklist'!C152) -> 0 | E11: 0.2 | F11: =C11*E11 -> 0
A12: 8 | B12: Overall Score | C12: =SUM(C5:C11)/7 -> 0 | E12: =SUM(E5:E11) -> 1 | F12: =SUM(F5:F11) -> 0
